 Dungeon Sprint DCSS version 0.02-122-g12e50fee3c (webtiles) character file.

Game seed: 11687066334674197652, levelgen mode: deterministic

158 lorenzova the Thaumaturge (level 5, -11/28 HPs) Deep Elf Fire Elementalist. Began on Oct 6, 2020. Mangled by Sigmund ... wielding a cursed +2 scythe of slicing {(Curse: *Corrode)} (18 damage) ... in the Dungeon (Sprint I: "Red Sonja"). The game lasted 00:00:37 (148 turns).

lorenzova the Thaumaturge (DEFE)                     Turns: 148, Time: 00:00:38

Health: -11/28     AC:  2    Str:  5    XL:     5 ^: 153
Magic:  13/19      EV: 13    Int: 21    God:
Gold:   54         SH:  0    Dex: 15    Spells: 14/24 levels left

rFire    . . .     Vision   .   (no weapon)
rCold    . . .     Gourm    .   (no weapon)
rNeg     . . .     Faith    .   a - +0 robe
rPois    .         Spirit   .   (no helmet)
rElec    .         Reflect  .   (no cloak)
rCorr    .         Harm     .   (no gloves)
MR       .....     NoTele   +   (no boots)
Stlth    +.........             (no amulet)
HPRegen  0.19/turn              (no ring)
MPRegen  0.29/turn              (no ring)

@: confused
A: no striking features
a: no special abilities


You were in the Dungeon.
You were not hungry.

You visited 1 branch You collected 54 gold pieces.

Inventory:

Armour
 a - a +0 robe (worn)
Wands
 b - a wand of ensnaring (2)
Scrolls
 i - a scroll of blinking
Potions
 d - a potion of curing
 e - a potion of heal wounds
 f - a potion of haste
 g - 2 potions of magic
 h - a potion of berserk rage
Comestibles
 c - a ration


   Skills:
 - Level 2.4 Dodging
 - Level 2.4 Stealth
 + Level 10.1 Spellcasting
 + Level 8.8 Fire Magic


You had 14 spell levels left.
You knew the following spells:

 Your Spells              Type           Power        Failure   Level  Hunger
a - Foxfire               Fire           25 (25)      1%          1    None
b - Searing Ray           Fire           47 (50)      1%          2    None
c - Conjure Flame         Fire           47 (100)     1%          3    None
d - Sticky Flame          Fire/Pois      29 (100)     11%         4    ##.....

Your spell library contained the following spells:

 Spells                   Type           Power        Failure   Level  Hunger
 Inner Flame              Hex/Fire       29 (100)     3%          3    None
 Fireball                 Fire           47 (200)     4%          5    ####...


Dungeon Overview and Level Annotations

Branches:
Dungeon (1/1)

Altars:

Annotations:
D Sigmund


Message History

Casting: Conjure Flame (safe; 1% risk of failure)
Confirm with . or Enter, or press ? or * to list all spells.
Aiming: Searing Ray (safe; 1% risk of failure)
Press: ? - help, Shift-Dir - straight line, f - Sigmund
Aim: Sigmund, wielding a +2 scythe of slicing and wearing a +0 robe (healthy (31/31), unusually strong)
The searing ray hits Sigmund (6).
Sigmund is lightly wounded. (25/31) HP (Press . to maintain the ray.) Sigmund hits you from afar with a cursed +2 scythe of slicing {(Curse: *Corrode)} (17)!
Ouch! That really hurt!
* * * LOW HITPOINT WARNING * * *
The searing ray misses Sigmund.
The searing ray hits Sigmund (5).
Sigmund is moderately wounded. (20/31) HP Sigmund casts a spell at you.
You are confused.
You're too confused to cast spells.
Sigmund hits you from afar with a cursed +2 scythe of slicing {(Curse: *Corrode)} (18)!!
Ouch! That really hurt!
You die...

#############
#<.#..').#..+
#..'..#..§@.#
#^.#####@####
#..# #..#
#..# ####
#†.# #⌠⌠#
####


You could see Sigmund.

Vanquished Creatures
  An ogre (D)
  Ijyb (D)
2 creatures vanquished.

Vanquished Creatures (others)
  9 foxfires (D)
9 creatures vanquished.

Grand Total: 11 creatures vanquished

Notes
Turn   | Place    | Note
-------+----------+-------------------------------------------
     0 | D        | lorenzova the Deep Elf Fire Elementalist began the quest
                  | for the Orb.
     0 | D        | Reached XP level 1. HP: 10/10 MP: 6/6
     2 | D        | Noticed Ijyb
    16 | D        | Killed Ijyb
    16 | D        | Reached skill level 8 in Spellcasting
    16 | D        | Reached XP level 2. HP: 15/15 MP: 3/13
    16 | D        | Reached XP level 3. HP: 19/19 MP: 3/14
    16 | D        | Reached XP level 4. HP: 24/24 MP: 3/16
    73 | D        | Learned a level 2 spell: Searing Ray
    77 | D        | Learned a level 3 spell: Conjure Flame
    82 | D        | Learned a level 4 spell: Sticky Flame
    82 | D        | Noticed an ogre
    89 | D        | Killed an ogre
    89 | D        | Reached skill level 10 in Spellcasting
    89 | D        | Reached XP level 5. HP: 28/28 MP: 7/19
   143 | D        | Noticed Sigmund
   148 | D        | Mangled by Sigmund

Levels and vault maps discovered:
D:        dungeon_sprint_1 [red_sonja_temple_1, red_sonja_temple_small_1]

Skill      XL: |  1  2  3  4 |
---------------+-------------+-----
Spellcasting   | 8 10 | 10.1
Fire Magic     | 7 8 |  8.8
Dodging        | |  2.4
Stealth        | |  2.4

Action                   |  1- 3 |  4- 6 || total
-------------------------+-------+-------++-------
 Cast: Foxfire           |     5 |       ||     5
       Searing Ray       |       |     3 ||     3
       Conjure Flame     |       |     2 ||     2
Dodge: Dodged            |     4 |       ||     4
